 Dungeon Crawl Stone Soup version 0.20.1-1-g8b1a95d (webtiles) character file.

1026 slep the Slasher (level 8, 0/68 HPs)
             Began as a Minotaur Fighter on Nov 1, 2017.
             Was a Follower of Zin.
             Succumbed to an orc's poison
             ... on level 5 of the Dungeon.
             The game lasted 00:14:01 (2432 turns).

slep the Slasher (Minotaur Fighter)                 Turns: 2432, Time: 00:14:02

Health: 0/68       AC:  9    Str: 20    XL:     8   Next: 2%
Magic:  7/7        EV:  9    Int:  5    God:    Zin [*.....]
Gold:   262        SH: 10    Dex: 13    Spells: 6/7 levels left

rFire    . . .     SeeInvis .   D - +4 flail (holy)
rCold    . . .     Gourm    .   c - +0 shield
rNeg     . . .     Faith    .   b - +0 scale mail
rPois    .         Spirit   .   (helmet restricted)
rElec    .         Reflect  .   (no cloak)
rCorr    .         Harm     .   (no gloves)
MR       .....                  (no boots)
Stlth    ..........             (no amulet)
Regen    0.3/turn               l - ring of wizardry
MPRegen  0.1/turn               (no ring)

@: lethally poisoned (0 -> -2), slowed, very slow
A: retaliatory headbutt, horns 2, molten scales 1
a: Recite, Donate Gold, Renounce Religion


You were on level 5 of the Dungeon.
You worshipped Zin.
Zin was aware of your devotion.
You were not hungry.

You visited 1 branch of the dungeon, and saw 5 of its levels.

You collected 291 gold pieces.
You donated 29 gold pieces to Zin.

Inventory:

Hand Weapons
 a - a +0 long sword
 u - a +1 hand axe of freezing
 v - a +1 falchion of venom
 D - a +4 flail of holy wrath (weapon)
Armour
 b - a +0 scale mail (worn)
 c - a +0 shield (worn)
Jewellery
 l - a ring of wizardry (left hand)
Wands
 w - a wand of acid (4/15)
 z - a wand of iceblast (9/15)
Scrolls
 e - 3 scrolls of identify
 h - 3 scrolls of remove curse
 i - 2 scrolls of fog {unknown}
 m - a scroll of teleportation {unknown}
 q - a scroll of enchant armour {unknown}
 s - 2 scrolls of recharging {unknown}
 x - 2 scrolls of immolation {unknown}
Potions
 d - a potion of might
 k - 5 potions of lignification {unknown}
 n - 3 potions of mutation {unknown}
 o - a potion of resistance
 p - a potion of flight {unknown}
 t - 2 potions of brilliance {unknown}
 C - a potion of haste {unknown}
Books
 y - a book of Necromancy

   Spells                             Type                      Level
   a - Pain                           Necromancy                   1
   b - Animate Skeleton               Necromancy                   1
   c - Vampiric Draining              Necromancy                   3
   d - Regeneration                   Charms/Necromancy            3
   e - Animate Dead                   Necromancy                   4
   f - Control Undead                 Necromancy                   4
   Zin disapproves of the use of such an item.
 A - a book of Cantrips

   Spells                             Type                      Level
   a - Confusing Touch                Hexes                        1
   b - Animate Skeleton               Necromancy                   1
   c - Summon Small Mammal            Summoning                    1
   d - Apportation                    Translocation                1
Comestibles
 f - 3 bread rations
 g - 3 royal jellies
 j - 2 fruits
 r - 2 meat rations
 B - a chunk of flesh


   Skills:
 + Level 5.1 Fighting
 + Level 7.1 Long Blades
 + Level 1.4 Maces & Flails
 + Level 6.6 Armour
 + Level 2.3 Dodging
 + Level 0.6 Stealth
 + Level 5.6 Shields
 + Level 0.1 Translocations


You had 6 spell levels left.
You knew the following spells:

 Your Spells              Type           Power        Failure   Level  Hunger
a - Apportation           Tloc           #.....       85%         1    ##.....


Dungeon Overview and Level Annotations

Branches:
Dungeon (5/15)
 Temple: D:4-7

Altars:
Fedhas
Qazlal
Zin


Innate Abilities, Weirdness & Mutations

You reflexively headbutt those who attack you in melee.
You have a pair of horns on your head.
You are partially covered in molten scales. (AC +2)


Message History

* * * LOW HITPOINT WARNING * * *
You feel sick. You block the orc wizard's attack.
The orc hits you but does no damage. The orc wizard casts a spell at you.
You feel yourself slow down.
Your scale mail prevents you from hitting the orc wizard.
Your headbutt misses the orc wizard.
The orc wizard is severely wounded.
* * * LOW HITPOINT WARNING * * *
You feel sick. You block the orc wizard's attack.
The orc hits you but does no damage. The orc wizard barely misses you.
You furiously retaliate!
You headbutt the orc wizard!
You kill the orc wizard!
You have reached level 8!
You feel agile. The orc barely misses you. The orc hits you with a short sword.
* * * LOW HITPOINT WARNING * * *
You sock the orc!
You kill the orc!
You die...

..................
........................
........................
#......................
#................>.....
#......................
#......................
#....))................
#....)@................
#....)(................
##..%..................
....!..........[.........
..........)..............
...............).........
####.....................
#.....................
#########.###.########


There were no monsters in sight!

Vanquished Creatures
  Grinder (D:3)
  The ghost of bande the Chopper, an amateur MiBe of Trog (D:4)
  Edmund (D:5)
  An orc warrior (D:5)
  A phantom (D:5)
  A sky beast (D:5)
  An ogre (D:4)
  A jelly (D:5)
  An orc wizard (D:5)
  2 worker ants
  3 adders
  2 worms
  2 dart slugs
  2 leopard geckos (D:3)
  11 orcs
  4 giant cockroaches
  3 goblins
  7 hobgoblins
  2 ball pythons
  4 bats
  2 frilled lizards
  A giant cockroach zombie (D:5)
  9 kobolds
  A leopard gecko skeleton (D:5)
  5 rats
69 creatures vanquished.

Notes
Turn   | Place    | Note
-------+----------+-------------------------------------------
     0 | D:1      | slep the Minotaur Fighter began the quest for the Orb.
     0 | D:1      | Reached XP level 1. HP: 19/19 MP: 0/0
   197 | D:1      | Reached XP level 2. HP: 25/27 MP: 1/1
   817 | D:2      | Reached XP level 3. HP: 33/33 MP: 2/2
   852 | D:2      | Found a glowing silver altar of Zin.
  1101 | D:2      | Reached skill level 3 in Long Blades
  1218 | D:2      | Became a worshipper of Zin the Law-Giver
  1218 | D:2      | Reached * piety under Zin
  1322 | D:3      | Noticed Grinder
  1327 | D:3      | Found a stormy altar of Qazlal.
  1343 | D:3      | Killed Grinder
  1343 | D:3      | Reached skill level 5 in Long Blades
  1343 | D:3      | Reached skill level 5 in Armour
  1343 | D:3      | Reached XP level 4. HP: 21/41 MP: 3/3
  1343 | D:3      | Reached XP level 5. HP: 25/47 MP: 4/4
  1411 | D:3      | Reached XP level 6. HP: 15/53 MP: 5/5
  1477 | D:3      | Found a blossoming altar of Fedhas.
  1810 | D:4      | Noticed bande's ghost (amateur MiBe)
  1818 | D:4      | Killed bande's ghost
  1840 | D:4      | Reached skill level 6 in Long Blades
  1840 | D:4      | Reached skill level 1 in Dodging
  1938 | D:4      | Reached XP level 7. HP: 54/60 MP: 6/6
  1973 | D:4      | Learned a level 1 spell: Apportation
  1985 | D:4      | Reached ** piety under Zin
  2098 | D:5      | Entered Level 5 of the Dungeon
  2165 | D:5      | Reached skill level 5 in Shields
  2313 | D:5      | Gained mutation: You are partially covered in molten scales. (AC +2) [mutagenic meat]
  2359 | D:5      | Noticed Edmund
  2372 | D:5      | Killed Edmund
  2372 | D:5      | Reached skill level 7 in Long Blades
  2386 | D:5      | Reached skill level 5 in Fighting
  2401 | D:5      | Reached skill level 1 in Maces & Flails
  2429 | D:5      | HP: 3/61 [orc wizard/magic dart (7)]
  2431 | D:5      | Reached XP level 8. HP: 2/68 MP: 7/7
  2431 | D:5      | HP: 1/68 [orc/short sword (1)]
  2432 | D:5      | Succumbed to an orc's poison

Skill      XL: |  1  2  3  4  5  6  7 |
---------------+----------------------+-----
Fighting       | 4 5 |  5.1
Armour         | 4 5 6 |  6.6
Shields        | 4 5 |  5.6
Long Blades    | 5 6 7 |  7.1
Dodging        | 1 2 |  2.3
Maces & Flails | 1 |  1.4
Stealth        | |  0.6
Translocations | |  0.1

Action                   |  1- 3 |  4- 6 |  7- 9 || total
-------------------------+-------+-------+-------++-------
Melee: Long sword        |    87 |    46 |    24 ||   157
       Headbutt          |    12 |     9 |    10 ||    31
       Flail             |       |       |    26 ||    26
       Falchion          |       |       |    25 ||    25
Invok: Recite            |       |       |     1 ||     1
  Use: Scroll            |     2 |       |       ||     2
  Eat: Chunk             |     1 |     2 |     5 ||     8
Armor: Scale mail        |    29 |    10 |    31 ||    70
Dodge: Dodged            |    29 |    10 |    23 ||    62
Block: Shield            |    26 |    19 |    42 ||    87
       Rpst.: Long sword |     5 |     3 |     1 ||     9
       Falchion          |       |       |     2 ||     2
